 Dungeon Crawl Stone Soup version 0.23.1 (webtiles) character file.

Game seed: 3318329444348351912

781 Kisielow the Cudgeler (level 7, 0/44 HPs)
             Began as a Gargoyle Fighter on Mar 5, 2019.
             Was an Initiate of Qazlal.
             Slain by a black bear (4 damage)
             ... on level 6 of the Dungeon.
             The game lasted 00:08:56 (4963 turns).

Kisielow the Cudgeler (Gargoyle Fighter)            Turns: 4963, Time: 00:08:56

Health: 0/44       AC: 15    Str: 21    XL:     7   Next: 85%
Magic:  7/7        EV:  5    Int:  9    God:    Qazlal [......]
Gold:   343        SH: 10    Dex:  9    Spells: 6/6 levels left

rFire    + . .     SeeInvis .   a - +1 flail
rCold    + . .     Gourm    .   c - +1 shield
rNeg     + . .     Faith    .   w - +0 chain mail
rPois    ∞         Spirit   .   (no helmet)
rElec    +         Reflect  .   j - scarf {rC+ rF+}
rCorr    .         Harm     .   e - +0 pair of gloves
MR       +....                  (no boots)
Stlth    ..........             (no amulet)
HPRegen  0.14/turn              b - ring of protection from magic
MPRegen  0.10/turn              (no ring)

@: no status effects
A: negative energy resistance 1, electricity resistance, unbreathing,
petrification resistance, rot immunity, AC +4
a: Renounce Religion


You were on level 6 of the Dungeon.
You worshipped Qazlal.
Qazlal was noncommittal.
You were hungry.

You visited 2 branches of the dungeon, and saw 7 of its levels.

You collected 343 gold pieces.

Inventory:

Hand Weapons
 a - a +1 flail (weapon)
 v - the +2 trident of the Elven Halls {pierce, rElec rC++}
   (You found it on level 4 of the Dungeon)

   It inflicts extra damage upon your enemies.
   It greatly protects you from cold.
   It insulates you from electricity.
Armour
 c - a +1 shield (worn)
 e - a +0 pair of gloves (worn)
 j - a scarf of resistance (worn)
 w - a +0 chain mail (worn)
Jewellery
 b - a ring of protection from magic (left hand)
Wands
 g - a wand of polymorph (12)
 l - a wand of random effects (17)
 s - a wand of acid (9)
Scrolls
 k - 2 scrolls of remove curse
 r - a scroll of identify
 t - 2 scrolls of enchant armour
 u - 2 scrolls of magic mapping
Potions
 d - a potion of might
 h - 2 potions of resistance
 i - a potion of mutation {unknown}
 m - 4 potions of heal wounds
 n - a potion of lignification {unknown}
 o - a potion of magic
 p - a potion of invisibility {unknown}
 q - 2 potions of haste
 x - a potion of brilliance {unknown}
 z - 3 potions of curing
 A - a potion of berserk rage {unknown}
Comestibles
 f - 6 rations


   Skills:
 + Level 4.9 Fighting
 * Level 6.3 Maces & Flails
 + Level 5.0 Armour
 + Level 4.9 Shields


You had 6 spell levels left.
You didn't know any spells.
Your spell library contained the following spells:

 Spells                   Type           Power        Failure   Level  Hunger
 Animate Skeleton         Necr           N/A          100%        1    ##.....
 Apportation              Tloc           #.....       100%        1    ##.....
 Confusing Touch          Hex            #.....       100%        1    ##.....
 Sandblast                Erth           #.....       100%        1    ##.....
 Summon Small Mammal      Summ           #...         100%        1    ##.....
 Passwall                 Tmut/Erth      #.......     100%        2    ###....
 Stone Arrow              Conj/Erth      #.....       100%        3    ####...
 Petrify                  Tmut/Erth      #.......     100%        4    #####..
 Lee's Rapid Deconstruct  Erth           #.........   100%        5    ######.


Dungeon Overview and Level Annotations

Branches:
Dungeon (6/15)             Temple (1/1) D:5

Altars:
Ashenzari
Dithmenos
Fedhas
Gozag
Hepliaklqana
Kikubaaqudgha
Makhleb
Nemelex Xobeh
Qazlal
Sif Muna
Trog
Uskayaw
Vehumet
Wu Jian
Xom
Yredelemnul
Zin
The Shining One


Innate Abilities, Weirdness & Mutations

You are resistant to torment.
Your stone body is resilient. (AC +4)
You are immune to poison.
You resist negative energy. (rN+)
You are resistant to electric shocks. (rElec)
You can survive without breathing.
You are immune to petrification.
You are immune to rotting.


Message History

The black bear barely misses you.
The bullfrog hits you but does no damage.
You block the black bear's attack.
The black bear claws you but does no damage. x2
You hit the black bear.
The black bear is almost dead.
You block the bullfrog's attack. The black bear barely misses you.
You block the black bear's attack.
The black bear claws you but does no damage.
You barely miss the black bear.
The black bear is almost dead.
The bullfrog hits you but does no damage.
You block the black bear's attack. The black bear claws you.
* * * LOW HITPOINT WARNING * * *
The black bear claws you.
* * * LOW HITPOINT WARNING * * *
The bullfrog hits you but does no damage.
The black bear completely misses you. You block the black bear's attack.
The black bear claws you.
You die...

##..............#.###
#...................##
.##............#..<...#
.................#...##
..........##.....#..##
........###.........#
.........###.......##
..............#....#
.......@.....####.##
#......hF.#..# ...#
..........##... ..#
#####.....# ### ##....#
.....# #..... #....##


You could see a black bear (berserk) and a bullfrog.

Vanquished Creatures
  3 ogres
  A centaur (D:5)
  2 vampire bats (D:2)
  A crimson imp (D:5)
  A jelly (D:3)
  A centaur skeleton (D:4)
  6 worker ants
  4 adders
  An adder skeleton (D:3)
  2 worms
  2 dart slugs
  2 leopard geckos
  11 bats
  5 bat skeletons (D:2)
  2 bat zombies (D:2)
  2 giant cockroaches (D:5)
  6 goblins
  11 hobgoblins
  8 jackals (D:1)
  7 kobolds
  A quokka (D:4)
  A ball python skeleton (D:4)
  9 frilled lizards
  6 rats
95 creatures vanquished.

Vanquished Creatures (others)
  A rat (D:2)
1 creature vanquished.

Grand Total: 96 creatures vanquished

Notes
Turn   | Place    | Note
-------+----------+-------------------------------------------
     0 | D:1      | Kisielow the Gargoyle Fighter began the quest for the Orb.
     0 | D:1      | Reached XP level 1. HP: 14/14 MP: 1/1
   444 | D:1      | Reached XP level 2. HP: 14/19 MP: 2/2
   676 | D:1      | Reached skill level 3 in Maces & Flails
   992 | D:1      | Reached XP level 3. HP: 19/23 MP: 3/3
  1549 | D:2      | Reached skill level 4 in Maces & Flails
  1561 | D:2      | Found an ancient bone altar of Kikubaaqudgha.
  1575 | D:2      | Reached XP level 4. HP: 24/28 MP: 4/4
  1593 | D:2      | Reached XP level 5. HP: 29/32 MP: 5/5
  1682 | D:2      | Found a radiant altar of Vehumet.
  2981 | D:4      | Reached skill level 5 in Maces & Flails
  2981 | D:4      | Reached XP level 6. HP: 37/38 MP: 6/6
  3274 | D:4      | Got a bloodstained trident
  3279 | D:4      | Identified the +2 trident of the Elven Halls {pierce, rElec
                  | rC++} (You found it on level 4 of the Dungeon)
  3320 | D:4      | Found a deep blue altar of Sif Muna.
  3371 | D:4      | Reached XP level 7. HP: 35/44 MP: 7/7
  4054 | D:5      | Entered Level 5 of the Dungeon
  4067 | D:5      | Reached skill level 6 in Maces & Flails
  4083 | D:5      | Found a staircase to the Ecumenical Temple.
  4094 | Temple   | Entered the Ecumenical Temple
  4160 | Temple   | Became a worshipper of Qazlal Stormbringer
  4554 | D:5      | Found a hide-covered altar of Uskayaw.
  4554 | D:5      | Noticed a +0 hand axe
  4555 | D:5      | Noticed a +0 dagger
  4616 | D:5      | Reached skill level 5 in Armour
  4853 | D:5      | Found a shattered altar of Ashenzari.
  4963 | D:6      | Slain by a black bear

Skill      XL: |  1  2  3  4  5  6  7 |
---------------+----------------------+-----
Maces & Flails | 3 4 5 6 |  6.3
Fighting       | 4 |  4.9
Armour         | 4 5 |  5.0
Shields        | 4 |  4.9

Action                   |  1- 3 |  4- 6 |  7- 9 || total
-------------------------+-------+-------+-------++-------
Melee: Flail             |   188 |   174 |   104 ||   466
  Use: Scroll            |       |     9 |     5 ||    14
       Potion            |       |     1 |       ||     1
  Eat: Chunk             |     3 |     5 |     5 ||    13
Armor: Scale mail        |   170 |    75 |       ||   245
       Chain mail        |       |    21 |    92 ||   113
Dodge: Dodged            |    83 |    60 |    23 ||   166
Block: Shield            |   131 |   102 |    81 ||   314
